 Dungeon Sprint DCSS version 0.17-a0-1667-g4ca74a1 (webtiles) character file.

320 Kidiri the Covert (level 6, 0/28 HPs)
             Began as a Spriggan Enchanter on Aug 17, 2015.
             Was an Initiate of Dithmenos.
             Slain by a spatial vortex (28 damage)
             ... in the Dungeon (Sprint III: "The Ten Rune Challenge").
             The game lasted 00:02:29 (521 turns).

Kidiri the Covert (Spriggan Enchanter)               Turns: 521, Time: 00:02:29

Health: 0/28       AC:  3    Str:  4    XL:     6   Next: 22%
Magic:  2/17       EV: 25    Int: 17    God:    Dithmenos [......]
Gold:   13         SH:  0    Dex: 18    Spells: 5 memorised, 8 levels left

rFire  . . .     SeeInvis +     a - +2 dagger
rCold  . . .     Clarity  .     b - +1 robe
rNeg   . . .     SustAt   .     (shield restricted)
rPois  .         Gourm    .     (helmet restricted)
rElec  .         Spirit   .     (no cloak)
rCorr  .         Warding  .     (gloves unavailable)
rMut   .         NoTele   +     (boots unavailable)
MR     +....                    (no amulet)
Stlth  +++++.....               (no ring)
                                (no ring)

@: very quick, somewhat resistant to hostile enchantments, quite stealthy
A: unfitting armour, talons 2, rugged brown scales 1, see invisible, deformed
body, herbivore 3, speed 3, slow metabolism 2, wild magic 1
a: Renounce Religion


You were in the Dungeon.
You worshipped Dithmenos.
Dithmenos was noncommittal.
You were not hungry.

You visited 1 branch You collected 13 gold pieces.

Inventory:

Hand weapons
 a - a +2 dagger (weapon)
Armour
 b - a +1 robe (worn)
Scrolls
 j - a scroll of blinking
Potions
 e - a potion of curing
 f - a potion of heal wounds
 g - a potion of haste
 h - 2 potions of magic
 i - a potion of berserk rage
 o - a potion of invisibility
 p - 2 potions of flight
 u - 2 potions of cure mutation
Comestibles
 d - a bread ration
 n - 5 fruits
 t - 2 royal jellies


   Skills:
 + Level 4.5 Short Blades
 * Level 9.3 Dodging
 * Level 10.3 Stealth
 * Level 7.8 Spellcasting
 + Level 2.3 Conjurations
 + Level 6.2 Hexes
 + Level 2.7 Ice Magic
 + Level 0.0 Invocations


You had 8 spell levels left.
You knew the following spells:

 Your Spells              Type           Power        Failure   Level  Hunger
a - Corona                Hex            #####..      3%          1    None
b - Ensorcelled Hibernat  Hex/Ice        ####..       7%          2    None
c - Confuse               Hex            #####...     7%          3    #......
d - Tukima's Dance        Hex            #####...     7%          3    #......
e - Dazzling Spray        Conj/Hex       ####....     16%         3    #......


Dungeon Overview and Level Annotations

Branches:
Dungeon (1/1)

Altars:
Dithmenos
Gozag
Makhleb
Nemelex Xobeh
Qazlal
Ru
Xom
Jiyva
Lugonu


Innate Abilities, Weirdness & Mutations

You are tiny and cannot use many weapons and most armour.
You have supernaturally acute eyesight.
You are a herbivore.
You cover ground extremely quickly.
You need consume almost no food.
You have razor-sharp toenails.
You are partially covered in rugged brown scales (AC +1, +3% HP).
Armour fits poorly on your strangely shaped body.
Your spells are a little harder to cast, but a little more powerful.


Message History

The spray of energy hits the spatial vortex.
The spatial vortex is heavily damaged.
Casting: Dazzling Spray
Confirm with . or Enter, or press ? or * to list all spells.
Aiming: Dazzling Spray
Press: ? - help, Shift-Dir - straight line, f/p - spatial vortex
Aim: a spatial vortex (heavily damaged)
The spray of energy hits the spatial vortex.
The spatial vortex is severely damaged.
There is a sacrificial altar of Ru here.
There is an open door here.
Casting: Dazzling Spray
Confirm with . or Enter, or press ? or * to list all spells.
You don't have enough magic to cast that spell.
Unknown command.
There is a sacrificial altar of Ru here.
There is a viscous altar of Jiyva here.
The spatial vortex hits you!!
Ouch! That really hurt!
You die...

#### ##.# ...#####..#
....#:.#..#
#..)#..#..###+#+###+##
##..##+#..#..........#
##..###...'.⌠........#
#..####...#...######'#
#..###....#.⌠.#_v#...#
...##.....#...#_@#...#
...#......#+###__#...#
.##.#.....# #__#...+
.#####....# #_.'...#
▓▓ ▓▓▓▓▓▓ ▓▓▓▓▓▓▓▓


You could see a spatial vortex.

Vanquished Creatures
  A shadow (D)
  A water elemental (D)
  A jelly (D)
  Jessica (D)
  A human (D)
  An ooze (D)
  A phantom (D)
  2 rats (D)
9 creatures vanquished.

Vanquished Creatures (others)
  2 draconian scorchers (D)
  2 yaktaurs (D)
4 creatures vanquished.

Grand Total: 13 creatures vanquished

Notes
Turn   | Place    | Note
--------------------------------------------------------------
     0 | D        | Kidiri the Spriggan Enchanter began the quest for the Orb.
     0 | D        | Reached XP level 1. HP: 9/9 MP: 5/5
     9 | D        | Reached skill level 5 in Stealth
    24 | D        | Noticed Jessica
    28 | D        | Killed Jessica
    28 | D        | Reached skill level 5 in Dodging
    28 | D        | Reached skill level 6 in Stealth
    28 | D        | Reached XP level 2. HP: 13/13 MP: 5/8
    28 | D        | Reached XP level 3. HP: 16/16 MP: 6/10
    35 | D        | Learned a level 2 spell: Ensorcelled Hibernation
    39 | D        | Learned a level 3 spell: Confuse
    43 | D        | Learned a level 3 spell: Tukima's Dance
    76 | D        | Killed a yaktaur
   173 | D        | Killed a white draconian scorcher
   236 | D        | Killed a yaktaur
   256 | D        | Killed a white draconian scorcher
   317 | D        | Reached skill level 5 in Spellcasting
   335 | D        | Reached skill level 7 in Stealth
   342 | D        | Learned a level 3 spell: Dazzling Spray
   420 | D        | Gained mutation: Armour fits poorly on your strangely shaped body. [potion of mutation]
   420 | D        | Gained mutation: You have sharp toenails. [potion of mutation]
   420 | D        | Gained mutation: You have razor-sharp toenails. [potion of mutation]
   421 | D        | Gained mutation: You are partially covered in rugged brown scales (AC +1, +3% HP). [potion of mutation]
   421 | D        | Gained mutation: Your spells are a little harder to cast, but a little more powerful. [potion of mutation]
   480 | D        | Noticed a water elemental
   483 | D        | Killed a water elemental
   483 | D        | Reached skill level 8 in Stealth
   483 | D        | Reached skill level 1 in Conjurations
   483 | D        | Reached skill level 5 in Hexes
   483 | D        | Reached skill level 1 in Ice Magic
   483 | D        | Reached XP level 4. HP: 21/21 MP: 10/12
   493 | D        | Noticed a jelly
   494 | D        | Noticed a shadow
   496 | D        | Killed a shadow
   496 | D        | Reached skill level 9 in Dodging
   496 | D        | Reached skill level 10 in Stealth
   496 | D        | Reached XP level 5. HP: 24/24 MP: 12/16
   496 | D        | Reached XP level 6. HP: 28/28 MP: 12/17
   500 | D        | Killed a jelly
   505 | D        | Found a stormy altar of Qazlal.
   506 | D        | Noticed a spatial vortex
   506 | D        | Found a sacrificial altar of Ru.
   506 | D        | Found a burning altar of Makhleb.
   506 | D        | Found a viscous altar of Jiyva.
   506 | D        | Found a shimmering altar of Xom.
   506 | D        | Found a shadowy altar of Dithmenos.
   506 | D        | Found a sparkling altar of Nemelex Xobeh.
   506 | D        | Found a corrupted altar of Lugonu.
   506 | D        | Found an opulent altar of Gozag.
   510 | D        | Became a worshipper of Dithmenos the Shadowed
   521 | D        | Slain by a spatial vortex

Vault maps used:
D:        dungeon_sprint_mu

Action                   |  1- 3 |  4- 6 || total
-------------------------+-------+-------++-------
Melee: Dagger            |    19 |     2 ||    21
 Cast: Confuse           |     5 |       ||     5
       Ensorcelled Hiber |     2 |       ||     2
       Dazzling Spray    |       |     4 ||     4
  Use: Scroll            |     6 |       ||     6
       Potion            |     3 |       ||     3
 Stab: Sleeping          |     7 |     2 ||     9
